General information
- name: BNet
- type: Ladder 1vs1/FFA
- host: Battle.net
- saver: Zephyd
map: TurtleRock
- players: 2
- length: 06:40
- speed: Fast
- version: 1.23 W3XP
- replay type: Public
» download(21 KB)
Players
team 1 (winner)
Zephyd (
blue | 104 APM | 692 actions | 06:40)
2 Priestess of the Moon
1 Trueshot Aura
1 Searing Arrows
» actions
| Assign group hotkey | 29 | |
| Basic commands | 6 | |
| Build / train | 23 | |
| Enter build submenu | 12 | |
| Enter hero's abilities submenu | 2 | |
| Remove unit from queue | 1 | |
| Right click | 382 | |
| Select / deselect | 107 | |
| Select group hotkey | 112 | |
| Use ability | 18 | |
692 total
» units
» buildings
| Altar of Elders | 1 | |
| Moon Well | 3 | |
| Ancient of War | 2 | |
| Hunter's Hall | 1 | |
| Ancient Protector | 2 | |
9 total
» build order
00:05 Altar of Elders
00:06 Moon Well
01:21 Moon Well
01:54 Ancient of War
01:57 Hunter's Hall
02:12 Ancient of War
03:26 Moon Well
05:10 Ancient Protector
05:16 Ancient Protector
team 2 (loser)
the.urge (
red | 44 APM | 291 actions | 06:37)
2 Demon Hunter
1 Immolation
1 Evasion
» actions
| Assign group hotkey | 10 | |
| Basic commands | 34 | |
| Build / train | 21 | |
| Enter build submenu | 8 | |
| Enter hero's abilities submenu | 2 | |
| Right click | 71 | |
| Select / deselect | 104 | |
| Select group hotkey | 22 | |
| Use ability | 19 | |
291 total
» units
» buildings
| Altar of Elders | 1 | |
| Moon Well | 5 | |
| Ancient of War | 1 | |
| Tree of Ages | 1 | |
| Hunter's Hall | 1 | |
9 total
» build order
00:09 Altar of Elders
00:12 Moon Well
00:40 Ancient of War
01:36 Moon Well
02:36 Moon Well
03:14 Tree of Ages
03:36 Moon Well
04:28 Hunter's Hall
04:43 Moon Well
Chat log
(00:14 / All) Zephyd: glhf
(00:18 / All) the.urge: u2